 Dungeon Crawl Stone Soup version 0.26-a0-146-g24f6d3962c (webtiles) character file.

Game seed: 2731565744346549244

84 tilp the Chopper (level 4, -2/39 HPs)
             Began as a Hill Orc Monk on June 29, 2020.
             Slain by a gnoll
             ... wielding a +0 spear
              (3 damage)
             ... on level 2 of the Dungeon.
             The game lasted 00:02:40 (2051 turns).

tilp the Chopper (Hill Orc Monk)                    Turns: 2051, Time: 00:02:41

Health: -2/39      AC:  4    Str: 14    XL:     4   Next: 45%
Magic:  4/4        EV: 13    Int: 10    God:
Gold:   85         SH:  0    Dex: 13    Spells: 3/3 levels left

rFire    . . .     SeeInvis .   a - +0 hand axe
rCold    . . .     Faith    .   (no shield)
rNeg     . . .     Spirit   .   b - +0 robe
rPois    .         Reflect  .   h - +0 helmet
rElec    .         Harm     .   p - +0 cloak
rCorr    .                      (no gloves)
MR       .....                  (no boots)
Stlth    ++........             (no amulet)
HPRegen  0.13/turn              (no ring)
MPRegen  0.09/turn              (no ring)

@: no status effects
A: no striking features
a: no special abilities


You were on level 2 of the Dungeon.
You were not hungry.

You visited 1 branch of the dungeon, and saw 2 of its levels.

You collected 85 gold pieces.

Inventory:

Hand Weapons
 a - a +0 hand axe (weapon)
Missiles
 g - 10 poisoned darts (quivered)
 k - 54 stones
 m - 5 boomerangs
Armour
 b - a +0 robe (worn)
 h - a +0 helmet (worn)
 p - a +0 cloak (worn)
Jewellery
 n - an uncursed amulet of reflection
Scrolls
 d - a scroll of magic mapping {unknown}
 e - a scroll of enchant weapon {unknown}
 i - a scroll of immolation {unknown}
 q - a scroll of fear {unknown}
Potions
 f - a potion of invisibility {unknown}
 j - 2 potions of curing {unknown}
 l - a potion of heal wounds {unknown}
 o - a potion of mutation {unknown}
Comestibles
 c - 4 rations


   Skills:
 - Level 3.6 Fighting
 + Level 6.8 Axes
 - Level 2.4 Dodging
 - Level 1.5 Stealth


You had 3 spell levels left.
You didn't know any spells.
Your spell library was empty.

Dungeon Overview and Level Annotations

Branches:
Dungeon (2/15)

Altars:
Dithmenos

Annotations:
D:1 exclusion: gnoll


Message History

The gnoll closely misses you.
You hit the gnoll.
You kill the gnoll!
You see here a +0 spear.
You start resting.
The gnoll is too close now for your liking.
Unknown command.
The gnoll shouts!
The gnoll throws a throwing net.
The throwing net barely misses you.
The gnoll throws a throwing net.
The throwing net hits you.
You become entangled in the net!
You see here a throwing net.
You struggle against the net.
You struggle against the net.
You struggle against the net.
The gnoll hits you from afar with a +0 spear!
* * * LOW HITPOINT WARNING * * *
You rip the net and break free!
The gnoll hits you from afar with a +0 spear.
You die...

##.# #....# #.# #..### ...##
##.#### #.# #..### ###.###.## #.#
#.g... ##...## #.# ##g###
##.############# #.# #
#....÷...##..(# #<# #
#######...#.#.# #.# #
###########...#.#.# #.###
...>....#.......@.#.#######.g....
######............#......(..#.###
##.#.......g.# ##§## #.#
#####...###)# ##.§.## #.# #...#
#.###§#§#.###.# ##.##
#.#.§§§_.§..... #.#
#...#§#§#.#...#
#.#########§§§#...##
#..........#§######


You could see a gnoll.

Vanquished Creatures
  A gnoll (D:2)
  2 adders (D:2)
  3 worms (D:2)
  A dart slug (D:1)
  3 leopard geckos (D:2)
  3 giant cockroaches
  5 goblins
  4 hobgoblins
  4 jackals (D:2)
  2 kobolds (D:1)
  2 ball pythons (D:1)
  6 bats
  A frilled lizard (D:2)
  3 rats (D:2)
40 creatures vanquished.

Notes
Turn   | Place    | Note
-------+----------+-------------------------------------------
     0 | D:1      | tilp the Hill Orc Monk began the quest for the Orb.
     0 | D:1      | Reached XP level 1. HP: 19/19 MP: 1/1
   208 | D:1      | Reached XP level 2. HP: 22/26 MP: 2/2
   412 | D:1      | Reached skill level 5 in Axes
   698 | D:2      | Reached XP level 3. HP: 26/31 MP: 3/3
  1117 | D:2      | Reached skill level 6 in Axes
  1297 | D:2      | Reached XP level 4. HP: 36/39 MP: 4/4
  2002 | D:2      | Found a shadowy altar of Dithmenos.
  2050 | D:2      | HP: 1/39 [gnoll/+0 spear (9)]
  2051 | D:2      | Slain by a gnoll

Illustrated notes

Levels and vault maps discovered:
D:1:      minmay_arrival_nine_rooms, layout_basic
D:2:      layout_loops_ring, grunt_decor_mini_mirrors, minmay_fountain_box,
          grunt_dithmenos_smoke_and_mirrors, uniq_crazy_yiuf_cottage

Skill      XL: |  1  2  3 |
---------------+----------+-----
Axes           | 5 6 |  6.8
Fighting       | |  3.6
Dodging        | |  2.4
Stealth        | |  1.5

Action                   |  1- 3 |  4- 6 || total
-------------------------+-------+-------++-------
Melee: Hand axe          |   105 |    61 ||   166
Throw: Dart              |       |     1 ||     1
 Stab: Sleeping          |     2 |     2 ||     4
  Eat: Chunk             |     1 |     3 ||     4
Armor: Robe              |    20 |    11 ||    31
Dodge: Dodged            |    79 |    22 ||   101

Table legend:
 A = Non-vault XP
 B = Vault XP
 C = Vault XP percentage of total XP
 D = Non-vault monster count
 E = Vault monster count
 F = Vault count percentage of total count
                 A         B        C        D         E       F
            +---------+---------+-------+---------+---------+-------
      Total |     120 |       0 |   0.0 |      40 |       0 |   0.0
            +---------+---------+-------+---------+---------+-------
        D:1 |      24 |       0 |   0.0 |      13 |       0 |   0.0
        D:2 |      96 |       0 |   0.0 |      27 |       0 |   0.0
            +---------+---------+-------+---------+---------+-------
